 Dungeon Crawl Stone Soup version 0.23.2 (webtiles) character file.

Game seed: 5315352491650731525

947 cklessthan3 the Magician (level 7, -8/53 HPs)
             Began as a Purple Draconian Earth Elementalist on Apr 5, 2019.
             Was a Priest of Zin.
             Mangled by Sigmund
             ... wielding a +0 scythe
              (11 damage)
             ... on level 6 of the Dungeon.
             The game lasted 00:25:58 (4073 turns).

cklessthan3 the Magician (DrEE)                     Turns: 4073, Time: 00:25:58

Health: -8/53      AC:  8    Str: 12    XL:     7   Next: 89%
Magic:  17/17      EV: 13    Int: 17    God:    Zin [***...]
Gold:   217        SH:  0    Dex: 13    Spells: 15/19 levels left

rFire    + . .     SeeInvis .   v - +1 mace (protect)
rCold    + . .     Gourm    .   (no shield)
rNeg     . . .     Faith    .   (armour unavailable)
rPois    ∞         Spirit   .   (helmet restricted)
rElec    +         Reflect  .   (no cloak)
rCorr    +         Harm     .   (no gloves)
MR       .....                  u - +1 pair of boots
Stlth    ++........             d - amulet of magic regeneration
HPRegen  0.17/turn              (no ring)
MPRegen  0.40/turn              (no ring)

@: vitalised, resistant, vulnerable
A: breathe power, unfitting armour, cold-blooded, AC +6
a: Breathe Dispelling Energy, Recite, Vitalisation, Imprison, Donate Gold,
Renounce Religion


You were on level 6 of the Dungeon.
You worshipped Zin.
Zin was most pleased with you.
You were not hungry.

You visited 1 branch of the dungeon, and saw 6 of its levels.

You collected 304 gold pieces.
You donated 87 gold pieces to Zin.

Inventory:

Hand Weapons
 v - a +1 mace of protection (weapon)
Missiles
 b - 93 stones (quivered)
 g - 12 sling bullets
 p - 2 javelins of penetration
Armour
 u - a +1 pair of boots (worn)
Jewellery
 d - an amulet of magic regeneration (around neck)
Scrolls
 h - 2 scrolls of fog
 j - a scroll of identify
 k - a scroll of magic mapping
 l - a scroll of enchant weapon {unknown}
 n - 2 scrolls of fear
 o - a scroll of teleportation {unknown}
Potions
 e - a potion of mutation
 i - 2 potions of cancellation
 m - 2 potions of curing
 t - a potion of might {unknown}
Comestibles
 c - 7 rations


   Skills:
 + Level 1.7 Fighting
 + Level 2.1 Maces & Flails
 + Level 2.4 Dodging
 + Level 2.1 Stealth
 + Level 6.7 Spellcasting
   Level 1.0 Transmutations
 + Level 6.4 Earth Magic
 + Level 0.9 Invocations


You had 15 spell levels left.
You knew the following spells:

 Your Spells              Type           Power        Failure   Level  Hunger
a - Sandblast             Erth           ####..       1%          1    None
b - Stone Arrow           Conj/Erth      ###...       10%         3    ##.....

Your spell library contained the following spells:

 Spells                   Type           Power        Failure   Level  Hunger
 Passwall                 Tmut/Erth      ###.....     4%          2    None
 Lee's Rapid Deconstruct  Erth           ####......   24%         5    #####..
 Petrify                  Tmut/Erth      ###.....     26%         4    ####...


Dungeon Overview and Level Annotations

Branches:
Dungeon (6/15)             Temple (0/1) D:5

Altars:
Trog
Xom
Yredelemnul
Zin

Annotations:
D:6 Sigmund


Innate Abilities, Weirdness & Mutations

You can breathe bolts of dispelling energy.
Your rich purple scales are hard. (AC +6)
You cannot fit into any form of body armour.
You are cold-blooded and may be slowed by cold attacks.


Message History

You miss something.
You hear some strange, mumbled words.
Something tries to affect you, but you resist.
You miss something. Something hits you.
* * * LOW HITPOINT WARNING * * *
Okay, then.
Zin grants you divine stamina. Something barely misses you.
You hit something. Something barely misses you.
You miss something. Something barely misses you.
You miss something. Something hits you but does no damage.
You barely miss something. You barely miss something. Something hits you!
* * * LOW HITPOINT WARNING * * *
You barely miss something. Something hits you.
* * * LOW HITPOINT WARNING * * *
As you read the scroll labeled OSHROO UHEUROST, it crumbles to dust.
Magic quickly surges around you.
It was a scroll of vulnerability.
Something hits you!
You die...

.......##################
..........##......##....#
..................##....#
####............>.##....#
..##....................#
........................#
...................{....#
..........#####{####....#
..........##....@# #....#
'###†......#......#.....#
..##†......#......+.....#
...........+......#..{..#
..........##.....###...##
..........##.....# ...#
..>...............
...................
..##........


There were no monsters in sight!

Vanquished Creatures
  Menkaure (D:6)
  An ice beast (D:4)
  A phantom (D:4)
  A bullfrog (D:6)
  3 scorpions
  A crimson imp (D:5)
  A bullfrog zombie (D:6)
  A centaur skeleton (D:5)
  Jessica (D:2)
  A worker ant (D:4)
  2 iguanas
  A worker ant zombie (D:5)
  3 gnolls (D:4)
  5 adders
  A shadow imp (D:5)
  An adder skeleton (D:4)
  A worm (D:3)
  A dart slug (D:3)
  4 leopard geckos
  15 orcs
  6 bats
  10 giant cockroaches
  9 goblins
  6 hobgoblins
  12 jackals
  3 quokkas
  6 frilled lizards
  10 kobolds
  15 rats
123 creatures vanquished.

Vanquished Creatures (others)
  A bat (D:2)
  2 jackals (D:2)
3 creatures vanquished.

Grand Total: 126 creatures vanquished

Notes
Turn   | Place    | Note
-------+----------+-------------------------------------------
     0 | D:1      | cklessthan3 the Draconian Earth Elementalist began the
                  | quest for the Orb.
     0 | D:1      | Reached XP level 1. HP: 14/14 MP: 3/3
   192 | D:1      | Reached XP level 2. HP: 15/20 MP: 1/5
   598 | D:2      | Reached XP level 3. HP: 26/26 MP: 4/6
   911 | D:2      | Noticed Jessica
   931 | D:2      | Killed Jessica
   931 | D:2      | Reached skill level 1 in Maces & Flails
   931 | D:2      | Reached XP level 4. HP: 20/33 MP: 0/8
  1496 | D:3      | Found a glowing silver altar of Zin.
  1501 | D:3      | Became a worshipper of Zin the Law-Giver
  1501 | D:3      | Reached * piety under Zin
  1523 | D:3      | Donated 57 gold pieces to Zin
  1587 | D:3      | Reached XP level 5. HP: 38/38 MP: 0/9
  2174 | D:3      | Noticed a moth of wrath
  2178 | D:3      | Found a bloodstained altar of Trog.
  2371 | D:4      | Reached ** piety under Zin
  2387 | D:4      | Noticed a phantom
  2405 | D:4      | Killed a phantom
  2405 | D:4      | Reached skill level 5 in Earth Magic
  2405 | D:4      | Reached XP level 6. HP: 21/46 MP: 7/12
  2563 | D:4      | Found a basalt altar of Yredelemnul.
  2763 | D:4      | Noticed an ice beast
  2773 | D:4      | Killed an ice beast
  3033 | D:4      | Learned a level 3 spell: Stone Arrow
  3162 | D:5      | Entered Level 5 of the Dungeon
  3164 | D:5      | Your scales start taking on a rich purple colour.
  3164 | D:5      | Reached skill level 5 in Spellcasting
  3164 | D:5      | Reached XP level 7. HP: 51/51 MP: 13/15
  3195 | D:5      | Found a shimmering altar of Xom.
  3230 | D:5      | Found a staircase to the Ecumenical Temple.
  3365 | D:5      | Reached *** piety under Zin
  3784 | D:6      | Noticed Menkaure
  3787 | D:6      | Killed Menkaure
  3787 | D:6      | Reached skill level 1 in Fighting
  4017 | D:6      | Noticed Sigmund
  4072 | D:6      | HP: 2/53 [something (3)]
  4073 | D:6      | Mangled by Sigmund

Skill      XL: |  1  2  3  4  5  6  7 |
---------------+----------------------+-----
Dodging        | 2 |  2.4
Spellcasting   | 3 4 5 6 |  6.7
Earth Magic    | 4 5 6 |  6.4
Maces & Flails | 1 2 |  2.1
Stealth        | 2 |  2.1
Fighting       | 1 |  1.7
Transmutations | |  1.0
Invocations    | |  0.9

Action                   |  1- 3 |  4- 6 |  7- 9 || total
-------------------------+-------+-------+-------++-------
Melee: Club              |    29 |    37 |       ||    66
       Tailslap          |     2 |     7 |     5 ||    14
       Mace              |       |    20 |    44 ||    64
 Cast: Sandblast         |    55 |   104 |    45 ||   204
Invok: Donate Gold       |       |     1 |       ||     1
       Recite            |       |       |     3 ||     3
       Vitalisation      |       |       |     1 ||     1
  Use: Scroll            |     3 |    10 |     2 ||    15
       Potion            |       |     1 |     5 ||     6
  Eat: Ration            |       |     2 |     1 ||     3
Armor: Skin              |    22 |    28 |    23 ||    73
Dodge: Dodged            |    32 |    60 |    30 ||   122
